 Dungeon Crawl Stone Soup version 0.30-a0-782-ge64f9170bb (console) character file.

Game seed: 16846569612470623837

169776 utis the Fighter (level 17, -3/112 HPs)
             Began as a Tengu Wanderer on Mar 8, 2023.
             Succumbed to a sea snake's poison
             ... on level 1 of the Snake Pit.
             The game lasted 02:41:55 (39537 turns).

utis the Fighter (Tengu Wanderer)                  Turns: 39537, Time: 02:41:56

Health: -3/112     AC: 20    Str: 19    XL:     17   Next: 97%
Magic:  23/34      EV: 19    Int: 22    God:
Gold:   1100       SH:  7    Dex: 16    Spells: 7/26 levels left

rFire   . . .      SeeInvis +    a - +3 demon trident (drain)
rCold   . . .      Faith    .    l - +2 buckler
rNeg    + . .      Spirit   .    U - +5 scale mail of the Slightly Bent {Rampage Drain rPois Slay+6}
rPois   +          Reflect  .    z - +0 mask of the Dragon {Will+ Slay+3 SInv}
rElec   +          Harm     .    y - +2 cloak of Ischiwuwn {rElec Str+3 Dex+4 Slay+3}
rCorr   +          Rampage  +    e - +1 pair of gloves of Weirdness {Will+++ rCorr MP+9 Int-2}
Will    +++++                    (boots unavailable) Stlth
                                 T - amulet of the acrobat
HPRegen 0.38/turn                N - ring "Nev Meod" {+Blink rN+ Int+5}
MPRegen 0.24/turn                Y - +4 ring of slaying {=R}

@: lethally poisoned (-3 -> -27), forested, flying quickly and evasively, quick
A: beak, talons 3, nimble flight
a: Evoke Blink


You were on level 1 of the Snake Pit.
You visited 4 branches of the dungeon, and saw 24 of its levels.
You also visited: Bailey, Gauntlet and Ice Cave.

You collected 3000 gold pieces.
You spent 1900 gold pieces at shops.

Inventory:

Hand Weapons
 a - a +3 demon trident of draining (weapon)
 b - the +8 spear "Puoqa" {holy, Str+4 Int+3}
   (You found it on level 6 of the Dungeon)

   Str:       It affects your strength (+4).
   Int:       It affects your intelligence (+3).
 o - a +0 bardiche of electrocution
Missiles
 n - 4 atropa-tipped darts
 K - 17 throwing nets {=f}
Armour
 e - the +1 pair of gloves of Weirdness (worn) {Will+++ rCorr MP+9 Int-2}
   (You found it on level 15 of the Dungeon)

   Int:       It affects your intelligence (-2).
   MP:        It affects your magic capacity (+9).
   rCorr:     It protects you from acid and corrosion.
   Will:      It greatly increases your willpower.
 l - a +2 buckler (worn)
 y - the +2 cloak of Ischiwuwn (worn) {rElec Str+3 Dex+4 Slay+3}
   (You found it on level 2 of the Dungeon)

   Str:       It affects your strength (+3).
   Dex:       It affects your dexterity (+4).
   Slay:      It affects your accuracy & damage with ranged weapons and melee
   (+3).
   rElec:     It insulates you from electricity.
 z - the +0 mask of the Dragon (worn) {Will+ Slay+3 SInv}
   (You bought it in a shop on level 1 of the Snake Pit)

   Slay:      It affects your accuracy & damage with ranged weapons and melee
   (+3).
   SInv:      It lets you see invisible.
   Will:      It increases your willpower.
 U - the +5 scale mail of the Slightly Bent (worn) {Rampage Drain rPois Slay+6}
   (You took it off a gnoll sergeant in a bailey)

   Slay:      It affects your accuracy & damage with ranged weapons and melee
   (+6).
   rPois:     It protects you from poison.
   Drain:     It drains your maximum health when unequipped.
   Rampage:   It bestows one free step when moving towards enemies.
Jewellery
 c - a ring of ice
 f - a ring of resist corrosion
 C - a ring of protection from cold
 F - a ring of fire
 N - the ring "Nev Meod" (left hand) {+Blink rN+ Int+5}
   (You found it in a Gauntlet)

   [ring of positive energy]

   Int:       It affects your intelligence (+5).
   rN:        It protects you from negative energy.
   +Blink:    It lets you blink.
 P - a ring of poison resistance
 T - an amulet of the acrobat (around neck)
 X - the ring "Okafreqo" {rElec rCorr EV+5 Str-3 Stlth+}
   (You found it on level 11 of the Dungeon)

   [ring of evasion]

   EV:        It affects your evasion (+5).
   Str:       It affects your strength (-3).
   rElec:     It insulates you from electricity.
   rCorr:     It protects you from acid and corrosion.
   Stlth:     It makes you more stealthy.
 Y - a +4 ring of slaying (right hand) {=R}
 Z - a ring of wizardry
Wands
 k - a wand of flame (84)
 t - a wand of charming (9)
 u - a wand of polymorph (10)
 v - a wand of quicksilver (6)
 G - a wand of iceblast (25)
 R - a wand of mindburst (20)
 W - a wand of digging (7)
Scrolls
 g - a scroll of magic mapping
 j - 13 scrolls of identify {@r1}
 q - 3 scrolls of blinking
 r - 2 scrolls of fear
 s - a scroll of fog
 D - 3 scrolls of enchant armour
 E - 9 scrolls of teleportation {@r4}
 L - a scroll of summoning
 O - a scroll of silence {!r}
 Q - 12 scrolls of poison
Potions
 d - 8 potions of curing {@q1}
 h - 3 potions of haste {@q3}
 i - a potion of resistance
 m - 4 potions of heal wounds {@q2}
 p - 5 potions of ambrosia
 x - 4 potions of brilliance
 B - 5 potions of berserk rage {!q}
 I - a potion of invisibility
 S - 6 potions of might
 V - a potion of magic
Miscellaneous
 w - a phantom mirror
 A - a box of beasts
 H - a phial of floods
 J - a piece from Xom's chessboard (15/15)
 M - a lightning rod (4/4)


   Skills:
 + Level 14.4 Fighting
 - Level 2.0 Short Blades
 - Level 14.0 Polearms
 + Level 12.0 Armour
 + Level 13.8 Dodging
 - Level 5.0 Shields
 - Level 5.0 Spellcasting
 - Level 2.0 Hexes
 + Level 14.3 Summonings
 - Level 5.0 Translocations
 - Level 4.0 Transmutations
 - Level 5.0 Ice Magic
 - Level 3.0 Earth Magic
 - Level 4.0 Poison Magic
 - Level 5.0 Evocations


You had 7 spell levels left.
You knew the following spells:

 Your Spells              Type           Power      Damage    Failure   Level
a - Apportation           Tloc           54%        N/A       3%          1
b - Summon Ice Beast      Ice/Summ       48%        N/A       5%          4
d - Summon Guardian Gole  Hex/Summ       41%        N/A       3%          3
f - Call Canine Familiar  Summ           62%        N/A       1%          3
o - Summon Small Mammal   Summ           100%       N/A       1%          1
u - Summon Forest         Summ/Tloc      24%        N/A       16%         5
w - Passwall              Tmut/Erth      16%        N/A       11%         2

Your spell library contained the following spells:

 Spells                   Type           Power      Damage    Failure   Level
 Beastly Appendage        Tmut           46%        N/A       6%          1
 Sting                    Tmut/Pois      92%        1d7       6%          1
 Sandblast                Erth           36%        2d10      9%          1
 Wereblood                Tmut           23%        N/A       9%          2
 Frozen Ramparts          Ice            54%        1d9       12%         3
 Slow                     Hex            56%        N/A       13%         1
 Spider Form              Tmut/Pois      23%        N/A       17%         3
 Poisonous Vapours        Pois/Air       28%        N/A       21%         2
 Portal Projectile        Hex/Tloc       40%        N/A       22%         3
 Necrotise                Necr           20%        1d5       30%         1
 Ignite Poison            Fire/Tmut/Pois 17%        N/A       30%         3
 Kindle Blastsparks       Fire/Tloc/Air  24%        2d12      43%         3
 Stone Arrow              Conj/Erth      24%        3d8       43%         3
 Ice Form                 Ice/Tmut       25%        N/A       43%         4
 Olgreb's Toxic Radiance  Pois           23%        N/A       50%         4
 Inner Flame              Hex/Fire       9%         N/A       52%         3
 Vampiric Draining        Necr           5%         2d6       65%         3
 Leda's Liquefaction      Hex/Erth       8%         N/A       71%         4
 Alistair's Intoxication  Tmut/Pois      15%        N/A       85%         5
 Animate Dead             Necr           5%         N/A       96%         4
 Flame Wave               Conj/Fire      5%         2d5       96%         4
 Sticky Flame             Conj/Fire      5%         2d3       96%         4
 Borgnjor's Vile Clutch   Necr/Erth      6%         N/A       99%         5
 Freezing Cloud           Conj/Ice/Air   6%         6-21      99%         5
 Agony                    Necr           5%         N/A       100%        5
 Death Channel            Necr           2%         N/A       100%        6
 Orb of Destruction       Conj           2%         9d5       100%        7
 Spellforged Servitor     Conj/Summ      18%        N/A       100%        7
 Dragon's Call            Summ           31%        N/A       100%        9


Dungeon Overview and Level Annotations

Branches:
Dungeon (15/15)            Temple (0/1) D:6            Lair (5/5) D:8
 Shoals (0/4) Lair:3        Snake (2/4) Lair:2        Slime (0/5) Lair:4
    Orc (2/2) D:10            Elf (0/3) Orc:2        Vaults (0/5) D:14
 Depths (0/4) D:15         Bailey (visited)           IceCv (visited)
Gauntlet (visited)

Altars:
Dithmenos
Fedhas
Hepliaklqana
Kikubaaqudgha
Makhleb
Nemelex Xobeh
Ru
Sif Muna
Trog
Vehumet
Wu Jian
Yredelemnul
Jiyva

Shops:
D:5 ?   D:12 *   Orc:2 *(!:   Snake:1 [[

Portals:
Abyss: Orc:1
Trove: D:13 (give +3 shadow dragon scales)

Annotations:
D:11 exclusions: 2 tormentors and 1 more exclusion
Snake:2 Nikola
Orc:1 2 transporters, Umososh's ghost, journeyman MiBe


Innate Abilities, Weirdness & Mutations

You have a beak for a mouth.
You have claws for feet.
Your magical nature lets you fly swiftly and evasively.


Message History

Welcome back, utis the Tengu Wanderer.
Press ? for a list of commands and other information.
Press: ? - help, v - describe, . - travel, g - get item
Here: a sea snake (flame, moderately wounded) Item here: an anaconda corpse.
The floor, spattered with blood.
Unknown command.
Unknown command.
Unknown command.
Unknown command.
Unknown command.
Press: ? - help, v - describe, . - travel
Here: a shock serpent (moderately wounded)
The floor.
Unknown command.
Unknown command.
Unknown command.
Okay, then.
Okay, then.
Okay, then.
You feel much better.
You are engulfed in blazing flames.
* * * LOW HITPOINT WARNING * * *
x2 You feel extremely sick.
Trunks creak and shift.
A root smacks the sea snake from below!
The black mamba is hit by a branch!
The black mamba dies!
A tree reaches out and hits the mana viper!
A tree reaches out and hits the water moccasin!
A tree reaches out and hits the shock serpent!
The anaconda grabs your dryad. The anaconda bites your dryad!
The anaconda constricts your dryad.
Your dryad hits the mana viper.
The mana viper dies!
The sea snake is engulfed in blazing flames.
The sea snake closely misses you.
The sea snake is engulfed in blazing flames.
Blink to where?
Press: ? - help, Dir - move target 2 sea snakes come into view.
As you read the scroll of blinking, it crumbles to dust.
You die...

.....░ ░...░
.....░░░░...░ ..░
............░ ..░░
...........░░ S..░
...........░░ S..░
............░ ...░
...░░░......░
░░...░ ..░░
░░.....░ ░....░ .░░
░.....░░ ░Q..♣ .░
░.....░░░░....♣ .░░
░░......░░....░░
..▒░░.......░♣S.S░░
⌠..▒░░......░SS..░
....▒░░.....░SS†░♣
∩....▒░░....░§SR♣
......▒░....♣S§.░
88.....░...░♣Y§.░


You could see 4 sea snakes, an anaconda (distracted, ally target), 2 shock
serpents, a mana viper, a black mamba, a water moccasin and a friendly dryad
(summoned, magic disrupted).

Vanquished Creatures
  Rupert (D:15)
  Jorgrun (D:13)
  Gastronok (Lair:2)
  18 slime creatures
  Harold (Orc:1)
  Fannar (Lair:2)
  2 anacondas
  4 hydras
  A catoblepas (Lair:4)
  2 death knights (D:11)
  3 centaur warriors
  Erica (D:9)
  An alligator (Lair:4)
  A death scarab (Gauntlet)
  5 two-headed ogres
  2 naga warriors
  5 death yaks
  2 boulder beetles
  4 orc high priests
  2 naga sharpshooters (Snake:1)
  4 shock serpents
  Amaemon (Lair:3)
  A fire crab (Lair:4)
  A spectral death yak (Lair:5)
  2 skeletal warriors (D:15)
  A glowing orange brain (D:15)
  A deep troll (shapeshifter) (D:15)
  2 naga ritualists (Snake:1)
  A spectral anaconda (Lair:5)
  2 skysharks
  Pikel (D:4)
  4 orc knights
  2 wizards (D:14)
  An obsidian statue (Lair:5)
  3 deep elf pyromancers
  A deep elf zephyrmancer (D:6)
  An oklob plant (Lair:3)
  3 necromancers (Lair:5)
  A mana viper (Snake:1)
  2 orc sorcerers
  14 ugly things
  6 cyclopes
  4 manticores
  2 salamanders
  18 elephants
  23 black mambas
  A guardian serpent (Snake:1)
  An orange demon (Lair:3)
  7 cane toads
  2 torpor snails
  4 naga magi (Snake:1)
  An unseen horror (D:12)
  3 gargoyles
  A dire elephant zombie (Lair:5)
  Maggie (D:7)
  An efreet (D:15)
  A rime drake (Lair:4)
  A freezing wraith (D:14)
  A komodo dragon (shapeshifter) (D:15)
  2 dire elephant skeletons (Lair:5)
  An anaconda simulacrum (IceCv)
  A kobold demonologist (D:12)
  9 komodo dragons
  6 polar bears
  4 trolls
  A queen bee (shapeshifter) (D:14)
  Grinder (D:4)
  A queen bee (Lair:3)
  A raiju (Gauntlet)
  A spectral elephant (Lair:5)
  A hornet (D:8)
  14 dream sheep (Lair:5)
  11 blink frogs
  A water elemental (D:15)
  3 shadows
  Sigmund (D:2)
  3 wraiths
  4 wyverns
  3 vampires
  5 humans (D:8)
  18 yaks
  4 steam dragons
  4 basilisks
  7 vampire mosquitoes (D:12)
  2 death yak simulacra (Lair:3)
  Grum (Bailey)
  A redback simulacrum (D:15)
  A spectral cane toad (Lair:5)
  8 nagas
  2 acid dragons
  15 water moccasins
  19 orc warriors
  A swamp drake (D:10)
  2 nameless horrors
  5 ice beasts
  3 black bears
  6 ogres
  A spectral rime drake (Gauntlet)
  A lemure (D:5)
  13 centaurs
  18 wolves
  A phantom (D:5)
  An elephant skeleton (Lair:5)
  2 kobold brigands
  10 bullfrogs
  3 necrophages
  5 scorpions
  5 gnoll sergeants (Bailey)
  2 cane toad simulacra
  8 wights
  18 killer bees (Lair:3)
  4 elephant simulacra
  2 electric eels
  8 howler monkeys
  4 lava snakes (Lair:2)
  4 hounds
  5 jellies
  28 orc priests
  Crazy Yiuf (D:4)
  Ijyb (D:3)
  6 gnoll boudas
  Natasha (thrice) (D:2)
  9 iguanas
  32 orc wizards
  5 hell rats
  A lightning spire (Gauntlet)
  2 wolf simulacra
  Robin (D:2)
  10 adders
  31 gnolls
  A shadow imp (D:7)
  2 white imps
  2 ufetubi (D:6)
  6 worms
  A dart slug (D:1)
  78 orcs
  4 endoplasms
  2 giant cockroaches
  18 goblins
  13 hobgoblins
  A jackal (D:4)
  21 kobolds
  4 quokkas
  5 ball pythons
  7 bats
  2 frilled lizards
  2 rats (D:2)
772 creatures vanquished.

Vanquished Creatures (collateral kills)
  A death knight (D:10)
  2 skeletal warriors (D:15)
  A deep elf pyromancer (D:14)
  An oklob plant (Lair:3)
  4 ugly things
  A mana viper (Snake:1)
  A cyclops (D:14)
  3 elephants
  5 black mambas
  A cane toad (Lair:3)
  A raiju (Gauntlet)
  3 blink frogs
  2 dream sheep (Lair:5)
  2 wraiths
  4 yaks
  A vampire (D:12)
  A vampire mosquito (D:12)
  A spectral cane toad (Lair:5)
  A nameless horror (D:12)
  An orc warrior (D:11)
  2 black bears (Lair:4)
  6 killer bees (Lair:3)
  3 orc wizards
  4 orcs
52 creatures vanquished.

Vanquished Creatures (others)
  A minotaur (Gauntlet)
  A hydra (Lair:3)
  An anaconda (Snake:1)
  A spectral dire elephant (Lair:5)
  A sea snake (Snake:1)
  A torpor snail (Lair:3)
  3 elephants
  A freezing wraith (D:11)
  7 yaks
  An elephant skeleton (Lair:5)
  4 bushes
  25 fungi
  61 plants
  2 snaplasher vines
  24 withered plants (Lair:5)
134 creatures vanquished.

Grand Total: 958 creatures vanquished

Notes
Turn   | Place    | Note
-------+----------+-------------------------------------------
     0 | D:1      | utis the Tengu Wanderer began the quest for the Orb.
     0 | D:1      | utis set off with the following items: a +0 club, a potion
                  | of lignification, a +0 leather armour, a potion of curing
                  | {@q1}; and the following spells available to memorise:
                  | Slow, Sting, Passwall, Ignite Poison, Portal Projectile.
     0 | D:1      | Reached XP level 1. HP: 16/16 MP: 3/3
     2 | D:1      | Learned a level 1 spell: Sting
   216 | D:1      | Reached XP level 2. HP: 17/21 MP: 4/4
   278 | D:1      | Reached skill level 1 in Dodging
   356 | D:1      | Reached skill level 1 in Poison Magic
  1062 | D:2      | Reached XP level 3. HP: 26/26 MP: 5/5
  1137 | D:2      | Noticed Natasha
  1267 | D:2      | Killed Natasha
  1268 | D:2      | Reached XP level 4. HP: 24/31 MP: 1/6
  1510 | D:2      | Noticed Natasha
  1518 | D:2      | Killed Natasha
  1690 | D:2      | Noticed Robin
  1821 | D:2      | Killed Robin
  1834 | D:2      | Gained mutation: Your magical nature lets you fly swiftly
                  | and evasively. [Tengu growth]
  1834 | D:2      | Reached XP level 5. HP: 20/35 MP: 1/7
  1945 | D:2      | Identified the +2 cloak of Ischiwuwn {rElec Str+3 Dex+4
                  | Slay+3}
  1981 | D:2      | Noticed Natasha
  1992 | D:2      | Killed Natasha
  2283 | D:2      | Noticed Sigmund
  2319 | D:2      | Killed Sigmund
  2320 | D:2      | Reached skill level 1 in Polearms
  2320 | D:2      | Reached XP level 6. HP: 39/40 MP: 4/8
  2652 | D:2      | Learned a level 1 spell: Summon Small Mammal
  3243 | D:3      | Reached skill level 1 in Summonings
  3251 | D:3      | Reached XP level 7. HP: 44/44 MP: 5/9
  3336 | D:3      | Noticed Ijyb
  3347 | D:3      | Killed Ijyb
  3797 | D:3      | Found a burning altar of Makhleb.
  3803 | D:3      | Identified the +3 ring mail of Unambiguity {rC+ rN+ Str+2}
  4391 | D:4      | Found a sacrificial altar of Ru.
  4446 | D:4      | Noticed Grinder
  4486 | D:4      | Killed Grinder
  4487 | D:4      | Reached skill level 5 in Dodging
  4487 | D:4      | Reached XP level 8. HP: 29/51 MP: 7/10
  4709 | D:4      | Found an ancient bone altar of Kikubaaqudgha.
  4715 | D:4      | Found a shadowy altar of Dithmenos.
  4715 | D:4      | Found a shimmering blue altar of Sif Muna.
  4728 | D:4      | Found a hazy altar of Hepliaklqana.
  4731 | D:4      | Found an ornate altar of the Wu Jian Council.
  5149 | D:4      | Found a runed translucent door.
  5150 | D:4      | Noticed Crazy Yiuf
  5519 | D:4      | Found a basalt altar of Yredelemnul.
  5519 | D:4      | Found a blossoming altar of Fedhas.
  5587 | D:4      | Killed Crazy Yiuf
  5696 | D:5      | Entered Level 5 of the Dungeon
  6047 | D:4      | Reached skill level 1 in Short Blades
  6075 | D:5      | Noticed Pikel
  6099 | D:4      | Killed Pikel
  6353 | D:5      | Reached skill level 5 in Summonings
  6353 | D:5      | Reached XP level 9. HP: 34/57 MP: 7/11
  6786 | D:5      | Found Ecwol's Magic Scroll Emporium.
  6826 | D:5      | Bought a scroll of fog for 48 gold pieces
  6826 | D:5      | Bought a scroll of identify for 24 gold pieces
  6826 | D:5      | Bought a scroll of poison for 48 gold pieces
  6827 | D:5      | Reached XP level 10. HP: 66/66 MP: 12/12
  6832 | D:5      | Learned a level 3 spell: Summon Guardian Golem
  7074 | D:6      | Identified the +8 spear "Puoqa" {holy, Str+4 Int+3}
  7241 | D:6      | Found a staircase to the Ecumenical Temple.
  7251 | D:6      | Reached skill level 1 in Armour
  7581 | D:6      | Identified the +2 pair of boots of Hahieg {Str+2}
  7871 | D:6      | Reached skill level 1 in Evocations
  7880 | D:6      | Noticed a manticore
  7971 | D:6      | Killed a manticore
  8034 | D:6      | Found the +8 frozen axe "Frostbite" {freeze, freezing
                  | cloud, *Noise Fly rC+}
  8397 | D:6      | Noticed a deep elf zephyrmancer
  8404 | D:6      | Killed a deep elf zephyrmancer
  8405 | D:6      | Reached XP level 11. HP: 71/71 MP: 12/14
  9020 | D:7      | Noticed Maggie
  9148 | D:7      | Killed Maggie
 10356 | D:8      | Reached skill level 5 in Evocations
 10387 | D:8      | Found a staircase to the Lair.
 11694 | D:9      | Reached skill level 5 in Armour
 11781 | D:9      | Reached skill level 10 in Fighting
 11938 | D:9      | Noticed Erica
 11981 | D:9      | Killed Erica
 11982 | D:9      | Reached skill level 10 in Polearms
 12258 | D:9      | Found a sparkling altar of Nemelex Xobeh.
 12328 | D:10     | Entered Level 10 of the Dungeon
 12469 | D:10     | Found a flagged portal.
 12484 | Bailey   | Entered a bailey
 12824 | Bailey   | Reached XP level 12. HP: 78/78 MP: 14/16
 12844 | Bailey   | Noticed Grum
 12875 | Bailey   | Killed Grum
 13150 | Bailey   | Identified the +5 scale mail of the Slightly Bent {Rampage
                  | Drain rPois Slay+6}
 13474 | D:10     | oh
 13533 | D:10     | Found a radiant altar of Vehumet.
 13949 | D:10     | Found a staircase to the Orcish Mines.
 14478 | Lair:1   | Entered Level 1 of the Lair of Beasts
 15236 | Lair:2   | Noticed a seven-headed hydra
 15456 | Lair:2   | Killed a seven-headed hydra
 15759 | Lair:2   | Found a staircase to the Snake Pit.
 15897 | Lair:2   | Noticed Fannar
 15907 | Lair:2   | Noticed Gastronok
 16009 | Lair:2   | Learned a level 4 spell: Summon Ice Beast
 16339 | Lair:2   | Reached skill level 1 in Ice Magic
 16471 | Lair:2   | Killed Gastronok
 16472 | Lair:2   | Reached skill level 10 in Summonings
 16820 | Lair:2   | Killed Fannar
 17147 | Lair:3   | Reached XP level 13. HP: 75/84 MP: 9/18
 17338 | Lair:3   | Found a frozen archway.
 17361 | IceCv    | Entered an ice cave
 17374 | IceCv    | Reached skill level 5 in Ice Magic
 17380 | IceCv    | Found a transporter.
 17503 | IceCv    | Found a transporter.
 18162 | Lair:3   | Found a shimmering blue altar of Sif Muna.
 18400 | Lair:3   | Found a staircase to the Shoals.
 18891 | Lair:3   | Reached skill level 10 in Dodging
 18918 | Lair:3   | You are sucked into a shaft and drop 2 floors!
 18918 | Lair:5   | Entered Level 5 of the Lair of Beasts
 19704 | Lair:3   | Noticed Amaemon
 19735 | Lair:3   | Killed Amaemon
 20425 | Lair:4   | Reached XP level 14. HP: 78/92 MP: 4/19
 20520 | Lair:4   | Learned a level 2 spell: Passwall
 20597 | Lair:4   | Found a viscous altar of Jiyva.
 20598 | Lair:4   | Found a staircase to the Slime Pits.
 22969 | Lair:5   | Reached skill level 10 in Armour
 25015 | Lair:5   | Reached XP level 15. HP: 86/98 MP: 6/21
 25281 | Orc:1    | Entered Level 1 of the Orcish Mines
 25687 | Orc:1    | Found a bloodstained altar of Trog.
 25769 | Orc:1    | Found a transporter.
 25835 | Orc:1    | Noticed Harold
 25844 | Orc:1    | Killed Harold
 25905 | Orc:1    | Found a one-way gate to the infinite horrors of the Abyss.
 25905 | Orc:1    | Noticed Umososh's ghost (journeyman MiBe)
 25909 | Orc:1    | Noticed an orc warlord
 25986 | Orc:1    | Found a transporter.
 26148 | Orc:2    | Entered Level 2 of the Orcish Mines
 26381 | Orc:2    | Paralysed by an orc sorcerer for 5 turns
 27240 | Orc:2    | Found a staircase to the Elven Halls.
 27485 | Orc:2    | Found Sitre's Distillery.
 27486 | Orc:2    | Found Xeesk's Assorted Antiques.
 27487 | Orc:2    | Found Wuhu's Weapon Shop.
 27491 | Orc:2    | Found Zeodapn's Book Boutique.
 27495 | Orc:2    | Bought the Almanac of Phantasms for 600 gold pieces
 27617 | Orc:2    | Learned a level 3 spell: Call Canine Familiar
 27623 | Orc:2    | Learned a level 5 spell: Summon Forest
 27650 | Orc:2    | Bought a runed buckler for 262 gold pieces
 27723 | Orc:2    | Bought a potion of haste for 140 gold pieces
 27723 | Orc:2    | Bought a potion of resistance for 140 gold pieces
 27905 | D:10     | Reached skill level 1 in Shields
 28883 | D:11     | Identified the ring "Okafreqo" {rElec rCorr EV+5 Str-3
                  | Stlth+}
 30274 | D:11     | Learned a level 1 spell: Apportation
 30327 | D:12     | Found Siybbiac's General Store.
 30627 | D:12     | Reached skill level 1 in Translocations
 31909 | D:13     | Found a gate leading to a gauntlet.
 31925 | Gauntlet | Entered a Gauntlet
 31925 | Gauntlet | Found a transporter.
 31925 | Gauntlet | Found a transporter.
 32032 | Gauntlet | Found a transporter.
 32052 | Gauntlet | Found a transporter.
 32067 | Gauntlet | Found a transporter.
 32070 | Gauntlet | Found a transporter.
 32070 | Gauntlet | Found a transporter.
 32073 | Gauntlet | Found a transporter.
 32073 | Gauntlet | Found a transporter.
 32083 | Gauntlet | Found a runed translucent gate.
 32083 | Gauntlet | Found a runed translucent gate.
 32083 | Gauntlet | Found a runed translucent gate.
 32085 | Gauntlet | Found a transporter.
 32103 | Gauntlet | Found a transporter.
 32112 | Gauntlet | Found a runed translucent door.
 32113 | Gauntlet | Found a transporter.
 32114 | Gauntlet | Found a runed translucent door.
 32127 | Gauntlet | Found a transporter.
 32147 | Gauntlet | Found a transporter.
 32238 | Gauntlet | Identified the +7 ring mail of Haebiho {rC++}
 32481 | Gauntlet | Identified the ring "Nev Meod" {+Blink rN+ Int+5}
 32857 | Gauntlet | Identified the +2 robe of Elitism {Contam rPois Int+2}
 32857 | Gauntlet | Identified the +2 short sword of Taxation {elec, Contam
                  | rElec rN+ Int+3}
 32951 | D:12     | Bought a scroll of brand weapon for 104 gold pieces
 33477 | D:13     | Reached skill level 5 in Shields
 33613 | D:13     | Noticed Jorgrun
 33631 | D:13     | Killed Jorgrun
 33632 | D:13     | Reached skill level 1 in Earth Magic
 33677 | D:13     | Found a portal to a secret trove of treasure.
 34192 | D:14     | Reached XP level 16. HP: 105/105 MP: 19/23
 35069 | D:14     | Found a shadowy altar of Dithmenos.
 35139 | D:14     | Found a gate to the Vaults.
 35375 | D:15     | Entered Level 15 of the Dungeon
 35533 | D:15     | Identified the +1 pair of gloves of Weirdness {Will+++
                  | rCorr MP+9 Int-2}
 35600 | D:15     | Noticed Rupert
 35617 | D:15     | Killed Rupert
 35854 | D:15     | Reached skill level 5 in Translocations
 36658 | D:15     | Found a staircase to the Depths.
 37455 | Snake:1  | Entered Level 1 of the Snake Pit
 37992 | Snake:1  | Found Zidigil's Armour Shop.
 37992 | Snake:1  | Found Inwuyv's Armour Boutique.
 38039 | Snake:1  | Bought the +0 mask of the Dragon {Will+ Slay+3 SInv} for
                  | 534 gold pieces
 38039 | Snake:1  | Found the +0 mask of the Dragon {Will+ Slay+3 SInv}
 38345 | Snake:1  | Reached XP level 17. HP: 111/111 MP: 24/24
 39370 | Snake:2  | Reached skill level 5 in Spellcasting
 39459 | Snake:2  | Found a shadowy altar of Dithmenos.
 39524 | Snake:2  | Noticed Nikola
 39536 | Snake:1  | HP: 3/112 [poisoned by a sea snake]
 39537 | Snake:1  | Succumbed to a sea snake's poison

Illustrated notes

*,,,,,,,,,,,,,,,,░......░
*,,,,,,,,,,,,,,,,░......░
*,,,,,,,,,,,,,,,,░.░....░
*,,,,,,,,,,,,,,,,░.░....░
*,,,,,,,,,,,,,,,,░......░
░░*******░░░░░+░░░......░
.░░░░░░░░...............░
.░...<..░.░░.....░░░░░░.░
.░......░,*░....Q░****░.░
.░......░,*░............░
.░....€.░...............░
.░......░...............░
.░░....░░...............░
..░....░,...............░
..░....░,...............░
..░,,,,*,...............*
..░,,,,+,,,,,,,,,,,,,,,,*


Turn 13474 on D:10: oh

Levels and vault maps discovered:
D:1:      lemuel_arrival_tunnels, layout_rooms, chequers_arboretum,
          minmay_misc_feat_columns
D:2:      layout_basic, uniq_robin, uniq_natasha, uniq_sigmund
D:3:      layout_basic, mainiacjoe_overflow_tiny_flanked,
          guppyfry_early_lair_pool, uniq_ijyb
D:4:      layout_loops_ring, gammafunk_temple_overflow_elements,
          minmay_overflow_temple_star_hex, nicolae_ru_great_annihilating_truth,
          dk_noncrumbling_2, serial_bayou_pond_b, uniq_crazy_yiuf_cottage,
          uniq_grinder
D:5:      layout_rooms, serial_shops, nicolae_shop_advertising_works
          [nicolae_subvault_shop_adworks], uniq_pikel
D:6:      kennysheep_windowed_halls, layout_basic, minmay_temple_entry_wispy,
          grunt_ministairs_10, guppyfry_early_elven_hall
D:7:      layout_basic, uniq_maggie
D:8:      layout_basic, minmay_lair_entry_grove, minmay_ruffians
D:9:      layout_gridville, nemelex_diamond_rough_becter, uniq_erica
D:10:     layout_stronghold, nicolae_vehumet_radiance, erik_orc_1,
          enter_bailey_5
D:11:     cheibrodos_tormentor_scu, layout_small_grid
D:12:     layout_roguey, serial_shops, shop
D:13:     layout_irregular_city, nicolae_trove_entry_columns,
          gauntlet_entry_generic, uniq_jorgrun
D:14:     layout_loops_ring, david_vaults_1, lemuel_coloured_pillars_altar
D:15:     gammafunk_enter_depths_forms, layout_gridville,
          hangedman_decor_points, serial_ice, serial_ice_g, serial_ice_k,
          serial_ice_n, serial_ice_a, hangedman_abyss_or_decor_stagger,
          uniq_rupert
Lair:1:   layout_regular_city, infiniplex_staircase_pool_2, grunt_megastairs_3
Lair:2:   layout_small_grid, nicolae_snake_entry_warm_welcome,
          cheibrodos_lair_lostbears, uniq_fannar, uniq_gastronok
Lair:3:   layout_roguey [special_room_bee], minmay_shoals_entry_centaurs,
          basic_altar, portal_ice_cave_entry_ice_simulacra, uniq_amaemon
Lair:4:   layout_concentric_octagons, slime_entry_1, nicolae_lair_lakeside_cave
Lair:5:   due_jungle_book, layout_regular_city
Snake:1:  nicolae_snake_attic_fulla_snakes, layout_layer_cave,
          hangedman_venom_bottle, lemuel_fruit_tree, minmay_shoptagon
Snake:2:  layout_onion_interference, lemuel_altar_in_water2,
          nicolae_snake_gridmaze_entwining, abandoned_shop, grunt_megastairs_2,
          uniq_aizul, uniq_asterion, uniq_nikola
Orc:1:    layout_diamond_mine, gammafunk_ghost_abyssal_escape,
          nicolae_orc_damp_corner, trog_butcher_becter, uniq_harold
Orc:2:    st_orc_mages, layout_caves, mines2_david

Skill      XL: |  1  2  3  4  5  6  7  8  9 10 11 12 13 14 15 16 17 |
---------------+----------------------------------------------------+-----
Dodging        | 1 2 4 5 6 9 10 12 13 | 13.8
Poison Magic   | 1 2 3 4 |  4.0
Transmutations | 3 4 |  4.0
Polearms       | 1 2 3 8 9 10 11 12 13 14 | 14.0
Summonings     | 1 3 5 8 9 10 12 13 14 | 14.3
Fighting       | 6 7 9 10 11 12 13 14 | 14.4
Short Blades   | 2 |  2.0
Armour         | 1 5 7 8 10 11 12 | 12.0
Hexes          | 2 |  2.0
Evocations     | 4 5 |  5.0
Spellcasting   | 2 3 4 5 |  5.0
Ice Magic      | 3 5 |  5.0
Shields        | 5 |  5.0
Translocations | 3 5 |  5.0
Earth Magic    | 1 3 |  3.0

Action                     |  1- 3 |  4- 6 |  7- 9 | 10-12 | 13-15 | 16-18 || total
---------------------------+-------+-------+-------+-------+-------+-------++-------
  Melee: Long sword        |    20 |       |       |       |       |       ||    20
         Kick              |    14 |    14 |    39 |   173 |   260 |    80 ||   580
         Peck              |     9 |     4 |    25 |   113 |   152 |    45 ||   348
         Trident           |    41 |    77 |       |       |       |       ||   118
         Halberd           |       |     5 |    75 |   116 |       |       ||   196
         Short sword       |       |       |    51 |    29 |       |       ||    80
         Punch             |       |       |     1 |     9 |    10 |       ||    20
         Spear             |       |       |       |   461 |   793 |    22 ||  1276
         Demon trident     |       |       |       |       |    56 |   240 ||   296
  Throw: Stone             |       |     6 |     1 |       |       |       ||     7
   Cast: Sting             |     4 |    47 |    43 |    93 |     4 |       ||   191
         Summon Small Mamm |       |       |     6 |     3 |    15 |       ||    24
         Summon Ice Beast  |       |       |       |     2 |   127 |    21 ||   150
         Summon Guardian G |       |       |       |     2 |    66 |     6 ||    74
         Passwall          |       |       |       |       |     1 |       ||     1
         Call Canine Famil |       |       |       |       |    28 |    10 ||    38
         Summon Forest     |       |       |       |       |     8 |     8 ||    16
         Apportation       |       |       |       |       |     3 |       ||     3
  Evoke: Box of beasts     |       |       |       |       |     1 |       ||     1
         Wand              |       |       |       |       |     1 |       ||     1
    Use: Scroll            |       |       |     8 |    17 |     5 |     4 ||    34
         Potion            |       |       |     1 |     4 |     3 |     2 ||    10
   Stab: Paralysed         |       |       |     1 |       |       |       ||     1
         Distracted        |       |       |       |       |     8 |     4 ||    12
 Armour: Plate armour      |    15 |       |       |       |       |       ||    15
         Ring mail         |    18 |     5 |       |       |       |       ||    23
         Scale mail        |       |    29 |    34 |   126 |   143 |    33 ||   365
  Dodge: Dodged            |    29 |    47 |    71 |   386 |   371 |    97 ||  1001
  Block: Buckler           |       |       |       |       |    12 |    41 ||    53

Table legend: (Time is in decaauts)
 A = Elapsed time spent in this place.
 B = Non-inter-level travel time spent in this place.
 C = Inter-level travel time spent in this place.
 D = Time resting spent in this place.
 E = Time spent auto-exploring this place.
 F = Levels seen in this place.
 G = Mean time per level.
                   A        B        C        D        E       F      G
               +--------+--------+--------+--------+--------+-----+--------+
         Total |  36775 |  34828 |   1947 |  10324 |  16279 |  27 | 1362.0 |
       Dungeon |  21329 |  20170 |   1159 |   6318 |   9488 |  15 | 1421.9 |
          Lair |   9801 |   9217 |    584 |   2741 |   4386 |   5 | 1960.2 |
     Snake Pit |   1788 |   1707 |     81 |    178 |   1156 |   2 |  894.0 |
  Orcish Mines |   2066 |   1944 |    122 |    489 |    824 |   2 | 1033.0 |
        Bailey |    738 |    738 |      0 |    141 |    225 |   1 |  738.0 |
      Ice Cave |    147 |    147 |      0 |     96 |      0 |   1 |  147.0 |
      Gauntlet |    903 |    903 |      0 |    358 |    198 |   1 |  903.0 |
               +--------+--------+--------+--------+--------+-----+--------+

Top non-repeatable levels by time:
  Lair:5: 3173 daAuts
  Lair:3: 2256 daAuts
    D:11: 2002 daAuts
     D:4: 1948 daAuts
    D:10: 1879 daAuts
  Lair:4: 1875 daAuts
    D:15: 1813 daAuts
     D:8: 1771 daAuts
  Lair:2: 1660 daAuts
 Snake:1: 1640 daAuts
     D:2: 1600 daAuts
     D:6: 1509 daAuts
    D:12: 1411 daAuts
    D:14: 1255 daAuts
     D:3: 1145 daAuts
